 Dungeon Crawl Stone Soup version 0.21.1-1-g345015fe64 (webtiles) character file.

980 HessuHobo the Grappler (level 7, -8/90 HPs)
             Began as a Minotaur Monk on May 23, 2018.
             Killed by divine providence
             ... invoked by an orc priest
              (12 damage)
             ... on level 5 of the Dungeon.
             The game lasted 00:08:56 (3852 turns).

HessuHobo the Grappler (Minotaur Monk)              Turns: 3852, Time: 00:08:57

Health: -8/90      AC: 23    Str: 17    XL:     7   Next: 96%
Magic:  6/6        EV:  2    Int:  7    God:
Gold:   27         SH:  0    Dex: 13    Spells: 6/6 levels left

rFire    x . .     SeeInvis .     - Unarmed
rCold    + . .     Gourm    .   (no shield)
rNeg     + + +     Faith    .   (armour currently unavailable)
rPois    +         Spirit   .   (helmet currently unavailable)
rElec    .         Reflect  .   (cloak currently unavailable)
rCorr    .         Harm     .   (gloves currently unavailable)
MR       .....     NoTele   +   (boots currently unavailable)
Stlth    ++........             (no amulet)
HPRegen  0.25/turn              e - ring of ice
MPRegen  0.10/turn              (no ring)

@: tree-form
A: (retaliatory headbutt)
a: no special abilities


You were on level 5 of the Dungeon.
You were not hungry.
You were a tree.
You visited 1 branch of the dungeon, and saw 5 of its levels.

You collected 259 gold pieces.
You spent 232 gold pieces at shops.

Inventory:

Hand Weapons
 q - a +3 quarterstaff of chaos
Armour
 a - a +0 robe (melded)
 c - a +2 cloak of poison resistance (melded)
 d - a +1 pair of boots (melded)
 f - a +0 ring mail
 h - a +0 ring mail
 j - a +0 robe
 k - a cursed +0 chain mail
 r - a +0 cloak
 v - a cursed +0 leather armour
Jewellery
 e - a ring of ice (left branch)
 w - the ring of Nesuwun {Int+4 Stlth-, unknown}
   (You found it on level 4 of the Dungeon)

   [ring of loudness]

   It affects your intelligence (+4).
   It makes you less stealthy.
Wands
 i - a wand of polymorph (11)
 p - a wand of flame (26)
Scrolls
 n - a scroll of blinking
 o - a scroll of identify
 s - a scroll of teleportation
 u - a scroll of enchant weapon
Comestibles
 b - 3 rations


   Skills:
 + Level 4.5 Fighting
 * Level 6.5 Dodging
 - Level 1.5 Stealth
 * Level 8.6 Unarmed Combat


You had 6 spell levels left.
You didn't know any spells.

Dungeon Overview and Level Annotations

Branches:
Dungeon (5/15)
 Temple: D:4-7

Altars:
Dithmenos
Vehumet

Shops:
D:5 (([

Portals:
Sewer: D:3

Annotations:
D:4 HessuHobo's ghost, amateur DsBe


Innate Abilities, Weirdness & Mutations

((You reflexively headbutt those who attack you in melee.))
((You have a pair of horns on your head.))


Message History

The orc priest calls down the wrath of Beogh upon you.
Beogh smites you!
* * * LOW HITPOINT WARNING * * *
Something hits you but does no damage.
You pummel something!!
Reactivating autopickup.
You feel a bit more experienced.
You feel less confused.
The orc priest invokes the aid of Beogh against you.
Beogh smites you!
* * * LOW HITPOINT WARNING * * *
The quokka bites you but does no damage.
You hit the quokka.
The quokka is almost dead.
The quokka bites you but does no damage.
You hit the quokka.
You kill the quokka!
The orc priest invokes the aid of Beogh against you.
Beogh smites you!
You die...

## #.# #.# #.# #.# #
######## #.###########.##
#......# #.#.............
##......####.....###..##.##
.......o)w♣..#.#.###..##.#.
........######.#...#.(##...
......... #.###.#..#####
.......... #.# #.#.(# #
......{.... #.###.#..#####
...........# #.......(.)...
...........# ##.....)..†...
.....w.###+# #.............
##.#.....#....


You could see a worm and an orc priest.

Vanquished Creatures
  Grinder (D:5)
  2 ice beasts (D:5)
  A centaur (D:5)
  An ogre (D:4)
  A crimson imp (D:5)
  An orc priest (D:5)
  Crazy Yiuf (D:2)
  3 orc wizards (D:5)
  3 worker ants
  An iguana (D:5)
  A worker ant zombie (D:5)
  7 adders
  2 worms
  2 leopard geckos
  13 orcs
  A ball python (D:1)
  5 bats
  4 giant cockroaches
  6 goblins
  6 hobgoblins
  7 jackals
  5 quokkas
  A frilled lizard (D:1)
  6 kobolds
  9 rats
90 creatures vanquished.

Notes
Turn   | Place    | Note
-------+----------+-------------------------------------------
     0 | D:1      | HessuHobo the Minotaur Monk began the quest for the Orb.
     0 | D:1      | Reached XP level 1. HP: 19/19 MP: 0/0
   353 | D:1      | Reached XP level 2. HP: 27/27 MP: 1/1
   751 | D:1      | Reached skill level 4 in Unarmed Combat
   931 | D:2      | Found a radiant altar of Vehumet.
   949 | D:2      | Reached XP level 3. HP: 23/33 MP: 2/2
  1183 | D:2      | Found a shadowy altar of Dithmenos.
  1571 | D:2      | Found a runed door.
  1780 | D:2      | Noticed Crazy Yiuf
  1785 | D:2      | Killed Crazy Yiuf
  1785 | D:2      | Reached XP level 4. HP: 37/40 MP: 3/3
  1950 | D:3      | Reached skill level 5 in Unarmed Combat
  2213 | D:3      | Reached XP level 5. HP: 44/46 MP: 4/4
  2479 | D:3      | Found a glowing drain.
  2708 | D:4      | Noticed an ogre
  2713 | D:4      | Killed an ogre
  2713 | D:4      | Reached skill level 6 in Unarmed Combat
  2748 | D:4      | Noticed HessuHobo's ghost (amateur DsBe)
  2752 | D:4      | Reached XP level 6. HP: 52/52 MP: 5/5
  2758 | D:4      | Got a warped iron ring
  2766 | D:5      | Entered Level 5 of the Dungeon
  2766 | D:5      | Found Xodghuik's Antique Weapon Shoppe.
  2917 | D:5      | Reached skill level 5 in Dodging
  3291 | D:5      | Found Ysui's Antique Armour Boutique.
  3304 | D:5      | Bought an embroidered cloak for 232 gold pieces
  3337 | D:5      | Noticed an ice beast
  3363 | D:5      | Killed an ice beast
  3363 | D:5      | Reached skill level 7 in Unarmed Combat
  3422 | D:5      | Found Tuciolak's Weapon Boutique.
  3432 | D:5      | Noticed Grinder
  3435 | D:5      | Paralysed by Grinder for 2 turns
  3444 | D:5      | Killed Grinder
  3444 | D:5      | Reached XP level 7. HP: 14/60 MP: 6/6
  3692 | D:5      | Reached skill level 8 in Unarmed Combat
  3850 | D:5      | HP: 4/90 [orc priest/divine providence (13)]
  3852 | D:5      | Killed from afar by an orc priest

Skill      XL: |  1  2  3  4  5  6  7 |
---------------+----------------------+-----
Unarmed Combat | 4 5 6 7 8 |  8.6
Fighting       | 4 |  4.5
Dodging        | 4 5 6 |  6.5
Stealth        | |  1.5

Action                   |  1- 3 |  4- 6 |  7- 9 || total
-------------------------+-------+-------+-------++-------
Melee: Unarmed           |    88 |   115 |    56 ||   259
       Headbutt          |    11 |    18 |     4 ||    33
       Punch             |     1 |     3 |     3 ||     7
  Use: Scroll            |     4 |     3 |       ||     7
       Potion            |       |     5 |     2 ||     7
 Stab: Sleeping          |     6 |     6 |       ||    12
       Invisible         |       |     1 |       ||     1
  Eat: Chunk             |     1 |     6 |       ||     7
       Ration            |       |       |     1 ||     1
Armor: Robe              |    21 |    14 |     8 ||    43
       Skin              |       |    44 |    11 ||    55
Dodge: Dodged            |    60 |    63 |    33 ||   156
